 Dungeon Crawl Stone Soup version 0.16.0-11-gd45b091 (console) character file.

256 gw the Ducker (level 5, -1/22 HPs)
             Began as a Felid Ice Elementalist on Mar 17, 2015.
             Slain by a centaur skeleton (2 damage)
             ... on level 4 of the Dungeon.
             The game lasted 00:06:40 (6043 turns).

gw the Ducker (Felid Ice Elementalist)              Turns: 6043, Time: 00:06:40

Health: -1/22      AC:  2    Str:  4    XL:     5   Next: 92%
Magic:  0/16       EV: 20    Int: 18    God:
Gold:   143        SH:  0    Dex: 17    Spells: 4 memorised, 2 levels left
                                        Lives:  0   Deaths: 1

rFire  . . .     SeeInvis +       - Unarmed
rCold  . . .     Clarity  .     (armour unavailable)
rNeg   . . .     SustAb   +     (shield unavailable)
rPois  .         Gourm    .     (helmet unavailable)
rElec  .         Spirit   .     (cloak unavailable)
rCorr  .         Warding  .     (gloves unavailable)
rMut   .         Stasis   .     (boots unavailable)
MR     .....                    (no amulet)
Stlth  +++.......               (no ring)
                                j - ring of sustain abilities

@: quick, not resistant to hostile enchantments, fairly stealthy
A: paw claws, no armour, no weapons or thrown items, fangs 3, see invisible,
carnivore 3, speed 1, shaggy fur 2, slow metabolism 1, sharp paws
a: no special abilities


You were on level 4 of the Dungeon.
You were not hungry.

You visited 1 branch of the dungeon, and saw 4 of its levels.

You collected 143 gold pieces.

Inventory:

Jewellery
 j - a ring of sustain abilities (left paw)
Magical devices
 f - a wand of paralysis (11)
Scrolls
 a - 4 scrolls of identify
 e - a scroll of remove curse
Potions
 d - 3 potions of curing
 g - a potion of flight {unknown}
 i - a potion of mutation {unknown}
Books
 b - a book of Frost

   Spells                             Type                      Level
   a - Freeze                         Ice                          1
   b - Throw Frost                    Conjuration/Ice              2
   c - Ozocubu's Armour               Charms/Ice                   3
   d - Throw Icicle                   Conjuration/Ice              4
   e - Summon Ice Beast               Ice/Summoning                4
   f - Condensation Shield            Ice                          4
 h - a book of Air

   Spells                             Type                      Level
   a - Shock                          Conjuration/Air              1
   b - Swiftness                      Charms/Air                   2
   c - Repel Missiles                 Charms/Air                   2
   d - Flight                         Charms/Air                   3
   e - Static Discharge               Conjuration/Air              3
   f - Lightning Bolt                 Conjuration/Air              5
Comestibles
 c - 2 meat rations


   Skills:
 + Level 2.1 Fighting
 + Level 4.8 Dodging
 - Level 2.6 Stealth
 + Level 2.6 Unarmed Combat
 * Level 4.0 Spellcasting
 - Level 0.8 Conjurations
 + Level 4.1 Ice Magic


You had 2 spell levels left.
You knew the following spells:

 Your Spells              Type           Power        Failure   Level  Hunger
a - Freeze                Ice            ###.         2%          1    None
b - Throw Frost           Conj/Ice       ##....       10%         2    ##.....
c - Ozocubu's Armour      Chrm/Ice       ##......     21%         3    ###....
d - Throw Icicle          Conj/Ice       ##......     54%         4    ####...


Dungeon Overview and Level Annotations

Branches:
Dungeon (4/15)
 Temple: D:4-7

Altars:

Annotations:
D:3 exclusion: downstairs


Innate Abilities, Weirdness & Mutations

You cannot wear armour.
You are incapable of wielding weapons or throwing items.
You have razor-sharp teeth.
You have supernaturally acute eyesight.
You are carnivorous and can eat meat at any time.
You cover ground quickly.
You are covered in thick fur (AC +2).
You have a slow metabolism.
Your paws have sharp claws that are effective at stabbing.


Message History

Casting: Freeze
Confirm with . or Enter, or press ? or * to list all spells.
Aiming: Freeze
Press: ? - help, Shift-Dir - straight line, f/p - centaur skeleton
Aim: a centaur skeleton You freeze the centaur skeleton.
The centaur skeleton completely resists.
The centaur skeleton misses you.
Unknown command.
Unknown command.
Unknown command.
Unknown command.
Casting: Freeze
Confirm with . or Enter, or press ? or * to list all spells.
Aiming: Freeze
Press: ? - help, Shift-Dir - straight line, f/p - centaur skeleton
Aim: a centaur skeleton You freeze the centaur skeleton.
The centaur skeleton resists.
The centaur skeleton hits you. x2
You die...

# # # ##########
###########.....hZg#
............######.#
............# #.#
#.#######...######.#
#...................
#########...###...>.
##.## ...Z. #...
....g ##### ......g


You could see a gnoll and a centaur skeleton.

Table legend:
 A = Turns spent in this place as a percentage of turns spent in the entire game.
 B = Non-inter-level travel turns spent in this place as a percentage of non-inter-level travel turns spent in the entire game.
 C = Inter-level travel turns spent in this place as a percentage of turns spent in this place.
 D = Turns resting spent in this place as a percentage of non-inter-level travel turns spent in this place.
 E = Turns spent auto-exploring this place as a percentage of non-inter-level travel turns spent in this place.
 F = Non-inter-level travel turns spent in this place divided by the number of levels of this place that you've seen.
                   A       B       C       D       E      F
               +-------+-------+-------+-------+-------+----------------------
         Total | 100.0 | 100.0 |   0.4 |   2.1 |   1.5 | 2817.2
       Dungeon | 100.0 | 100.0 |   0.4 |   2.1 |   1.5 | 2817.2
               +-------+-------+-------+-------+-------+----------------------

Table legend:
 A = Kills in this place as a percentage of kills in entire the game.
 B = Kills by you in this place as a percentage of kills by you in the entire game.
 C = Kills by friends in this place as a percentage of kills by friends in the entire game.
 D = Other kills in this place as a percentage of other kills in the entire game.
 E = Experience gained in this place as a percentage of experience gained in the entire game.
 F = Experience gained in this place divided by the number of levels of this place that you have seen.
                   A       B       C       D       E      F
               +-------+-------+-------+-------+-------+----------------------
         Total | 100.0 | 100.0 |  -nan |  -nan | 100.0 | 176.5
       Dungeon | 100.0 | 100.0 |  -nan |  -nan | 100.0 | 176.5
               +-------+-------+-------+-------+-------+----------------------

Vanquished Creatures
  A giant frog (D:4)
  A crimson imp (D:3)
  An orc priest (D:4)
  2 worker ants (D:4)
  4 orc wizards (D:4)
  Terence (D:3)
  8 adders
  2 worms
  An adder skeleton (D:4)
  9 orcs
  2 ball pythons
  4 giant cockroaches
  12 hobgoblins
  12 kobolds
  14 bats
  3 giant geckos
  7 giant newts
  8 goblins
  3 quokkas
  13 rats
108 creatures vanquished.

Notes
Turn   | Place    | Note
--------------------------------------------------------------
     0 | D:1      | gw, the Felid Ice Elementalist, began the quest for the Orb.
     0 | D:1      | Reached XP level 1. HP: 7/7 MP: 4/4
   226 | D:1      | Reached skill level 3 in Ice Magic
   376 | D:1      | Reached XP level 2. HP: 9/11 MP: 2/5
   446 | D:1      | Learned a level 2 spell: Throw Frost
  1595 | D:2      | Reached XP level 3. HP: 14/14 MP: 2/8
  1653 | D:2      | Learned a level 3 spell: Ozocubu's Armour
  2443 | D:2      | Reached skill level 1 in Unarmed Combat
  2607 | D:2      | Reached XP level 4. HP: 16/18 MP: 0/11
  3752 | D:3      | Noticed Terence
  3763 | D:3      | Killed Terence
  3763 | D:3      | Reached skill level 1 in Fighting
  3763 | D:3      | Reached XP level 5. HP: 11/22 MP: 0/14
  3776 | D:3      | Reached skill level 4 in Dodging
  3950 | D:3      | Learned a level 4 spell: Throw Icicle
  4663 | D:4      | Noticed a phantom
  5029 | D:4      | Gained mutation: You are covered in thick fur (AC +2). [growing up]
  5029 | D:4      | Reached XP level 6. HP: 3/25 MP: 0/17
  5917 | D:4      | Slain by a phantom
  5918 | D:4      | Reached XP level 5. HP: -1/22 MP: 4/16
  6043 | D:4      | HP: 1/22 [centaur skeleton (3)]
  6043 | D:4      | Slain by a centaur skeleton

Action                   |  1- 3 |  4- 6 || total
-------------------------+-------+-------++-------
Melee: Unarmed           |    18 |    38 ||    56
 Cast: Freeze            |    18 |    79 ||    97
       Throw Frost       |    53 |    94 ||   147
  Use: Scroll            |     5 |     3 ||     8
       Potion            |     2 |     4 ||     6
  Eat: Chunk             |    14 |    11 ||    25

Vault maps used:
D:1:      erik_arrival_blinker_ship
D:2:      hex_large, dk_noncrumbling_3
D:3:      uniq_terence
D:4:      grunt_temple_overflow_lords_of_destruction, minmay_misc_feat_diagonals
